 Dungeon Crawl Stone Soup version 0.31-a0-437-g7cee417757 (webtiles) character file.

Game seed: 1071568206272487368

186 slizer6 the Shield-Bearer (level 5, -6/41 HPs)
             Began as a Hill Orc Fighter on Aug 2, 2023.
             Splashed by a jelly's acid (9 damage)
             ... on level 4 of the Dungeon.
             The game lasted 00:34:21 (2884 turns).

slizer6 the Shield-Bearer (Hill Orc Fighter)        Turns: 2884, Time: 00:34:24

Health: -6/41      AC:  2    Str: 21    XL:     5   Next: 66%
Magic:  5/5        EV:  8    Int:  8    God:
Gold:   64         SH:  4    Dex: 10    Spells: 4/4 levels left

rFire   . . .        C - +0 spear (freeze)
rCold   + . .        c - +0 buckler
rNeg    . . .        p - +0 chain mail
rPois   .            (no helmet)
rElec   .            (no cloak)
rCorr   .            (no gloves)
SInv    +            d - +0 pair of boots
Will    .....        (no amulet) Stlth
                     l - ring of see invisible
HPRegen 0.26/turn    o - ring of protection from cold
MPRegen 0.09/turn

%: no passive effects
@: corroded
A: frail 1
a: no special abilities


You were on level 4 of the Dungeon.
You visited 1 branch of the dungeon, and saw 4 of its levels.

You collected 118 gold pieces.
You spent 54 gold pieces at shops.

Inventory:

Hand Weapons
 a - a +0 war axe
 i - a +0 whip
 j - a +0 short sword
 n - a +0 dagger
 s - a +0 hand axe
 v - a +0 sling
 B - a +0 flail
 C - a +0 spear of freezing (weapon)
 E - a +0 rapier
Missiles
 f - 16 stones
Armour
 b - a +0 scale mail
 c - a +0 buckler (worn)
 d - a +0 pair of boots (worn)
 g - a +0 robe
 m - a +0 leather armour
 p - a +0 chain mail (worn)
 q - a +0 pair of boots
 G - a +0 chain mail
 H - an orb of wrath
Jewellery
 l - a ring of see invisible (left hand)
 o - a ring of protection from cold (right hand)
 D - a ring of see invisible
 J - a ring of resist corrosion
Wands
 z - a wand of light (11)
 F - a wand of paralysis (5)
Scrolls
 x - 2 scrolls of teleportation
 y - a scroll of blinking {unknown}
 A - 2 scrolls of amnesia {unknown}
 I - a scroll of immolation {unknown}
 K - a scroll of fear {unknown}
 L - 2 scrolls of identify
Potions
 e - a potion of curing {unknown}
 h - a potion of cancellation
 k - 2 potions of lignification {unknown}
 r - a potion of heal wounds {unknown}
 t - 2 potions of haste {unknown}
 u - 2 potions of enlightenment {unknown}
 w - a potion of degeneration {unknown}


   Skills:
 + Level 4.2 Fighting
 + Level 4.2(4.4) Axes
 + Level 1.5(2.7) Polearms
 + Level 4.1 Armour
 + Level 0.6 Dodging
 + Level 0.9 Stealth
 + Level 4.3 Shields
 + Level 0.1 Evocations


You had 4 spell levels left.
You didn't know any spells.
Your spell library contained the following spells:

 Spells                   Type           Power      Damage    Failure   Level
 Lesser Beckoning         Tloc           0%         N/A       99%         2
 Gell's Gravitas          Tloc           0%         N/A       100%        3
 Teleport Other           Tloc           0%         N/A       100%        3


Dungeon Overview and Level Annotations

Branches:
Dungeon (4/15)
 Temple: D:4-7

Altars:
Cheibriados
Qazlal
Yredelemnul

Shops:
D:1 [

Annotations:
D:3 Grinder
D:4 Dowan, Duvessa


Innate Abilities, Weirdness & Mutations

You are frail. (-10% HP)


Message History

Blork the orc points at you and mumbles some strange words.
The magic dart hits you!
* * * LOW HITPOINT WARNING * * *
Aiming: Bolt of Light
Press: ? - help, Shift-Dir - straight line, f - Duvessa
Aim: Duvessa, wielding a +0 short sword and wearing a +0 chain mail (fast, 83% to hit)
Okay, then.
You hit Blork the orc but do no damage.
Blork the orc is almost dead.
Blork the orc points at you and mumbles some strange words.
You block the puff of frost.
Blork the orc hits you but does no damage.
Aiming: Paralyse
Press: ? - help, Q - select action, (/) - cycle Shift-Dir - straight line, f - Blork the orc
Aim: Blork the orc, wielding a +0 short sword and wearing a +0 robe of positive energy (almost dead, fast, chance to affect: 49%) Blork the orc suddenly stops moving!
The helpless Blork the orc fails to defend himself.
You hit Blork the orc. You freeze Blork the orc.
You kill Blork the orc!
Your base Polearms skill increases to level 1!
Your Armour skill increases to level 4!
You hit the endoplasm. You freeze the endoplasm.
The endoplasm is severely wounded.
The endoplasm freezes you.
You are frozen.
You resist.
* * * LOW HITPOINT WARNING * * *
You hit the endoplasm. You freeze the endoplasm.
You kill the endoplasm!
You hit the jelly. You freeze the jelly.
Your hands burn!
* * * LOW HITPOINT WARNING * * *
The jelly is moderately wounded.
The jelly hits you but does no damage.
You hit the jelly. You freeze the jelly. The acid corrodes you!
Your hands burn!
* * * LOW HITPOINT WARNING * * *
The jelly is severely wounded.
The jelly hits you.
* * * LOW HITPOINT WARNING * * *
The acid corrodes you!
You are splashed with acid!
You die...

..####..........#...#...## .
.# ##...........#._.#..#.##..
.###............#...#.......J
................##.##........
.#...............#.#.........
##...........##.#.#.).......
##...........#.#.#........#
##..............#'#.........
#..............@Je..##....##
#............##.#e..###....#
##............###....##...##
#......#..##.##.........##
#....#..##.##............#
.....#...#.#......#......#
.....##..#.#...#..#.###..>
#.#< #..#.######.... ... ##
##...# ##..#..


You could see Duvessa (fast), Dowan and a jelly.

Vanquished Creatures
  Blork the orc (D:4)
  An iguana (D:2)
  A gnoll (D:2)
  4 worms
  2 dart slugs (D:1)
  2 orcs
  4 bats
  6 endoplasms
  4 giant cockroaches
  5 goblins
  5 hobgoblins
  9 jackals
  5 kobolds
  2 quokkas
  5 ball pythons
  3 frilled lizards
  9 rats
68 creatures vanquished.

Notes
Turn   | Place    | Note
-------+----------+-------------------------------------------
     0 | D:1      | slizer6 the Hill Orc Fighter began the quest for the Orb.
     0 | D:1      | Reached XP level 1. HP: 19/19 MP: 1/1
   158 | D:1      | Reached XP level 2. HP: 26/26 MP: 2/2
   367 | D:1      | Found Jaefentabb's Armour Shoppe.
   423 | D:1      | Reached XP level 3. HP: 33/33 MP: 3/3
   440 | D:1      | Gained mutation: You occasionally shout uncontrollably at
                  | your foes. [potion of mutation]
   608 | D:1      | Bought a +0 chain mail for 54 gold pieces
   731 | D:2      | Reached XP level 4. HP: 21/40 MP: 4/4
  1194 | D:2      | Found a snail-covered altar of Cheibriados.
  1884 | D:3      | Found a stormy altar of Qazlal.
  2005 | D:3      | Noticed Grinder
  2017 | D:3      | Paralysed by Grinder for 2 turns
  2022 | D:3      | Paralysed by Grinder for 4 turns
  2038 | D:3      | Paralysed by Grinder for 4 turns
  2161 | D:3      | Reached XP level 5. HP: 46/46 MP: 5/5
  2584 | D:3      | Lost mutation: You occasionally shout uncontrollably at
                  | your foes. [potion of mutation]
  2584 | D:3      | Gained mutation: You are dopey. (Int -2) [potion of
                  | mutation]
  2584 | D:3      | Gained mutation: You are covered in fur. (AC +1) [potion of
                  | mutation]
  2810 | D:4      | Lost mutation: You are covered in fur. (AC +1) [potion of
                  | mutation]
  2810 | D:4      | Lost mutation: You are dopey. (Int -2) [potion of mutation]
  2810 | D:4      | Gained mutation: You possess an exceptional clarity of
                  | mind. [potion of mutation]
  2810 | D:4      | Gained mutation: You have hidden genetic defects. [potion
                  | of mutation]
  2813 | D:4      | Lost mutation: You have hidden genetic defects. [potion of
                  | mutation]
  2813 | D:4      | Lost mutation: You possess an exceptional clarity of mind.
                  | [potion of mutation]
  2813 | D:4      | Gained mutation: You are frail. (-10% HP) [potion of
                  | mutation]
  2843 | D:4      | Found a basalt altar of Yredelemnul.
  2852 | D:4      | Noticed Blork the orc
  2854 | D:4      | Noticed Duvessa
  2858 | D:4      | Noticed Dowan
  2880 | D:4      | Killed Blork the orc
  2881 | D:4      | Reached skill level 1 in Polearms
  2884 | D:4      | Splashed by a jelly's acid

Illustrated notes

Levels and vault maps discovered:
D:1:      arrival_zaba_pyramid, layout_rooms, serial_shops,
          nicolae_shop_real_fake_doors
D:2:      layout_loops_cross, basic_altar, dreamdust_mushroom_princess,
          minmay_close_crescents
D:3:      layout_loops_corners, old_standard_altar, kennysheep_boxes,
          uniq_crazy_yiuf_cottage, uniq_grinder
D:4:      layout_cave_pools, mainiacjoe_overflow_surrounded_room, uniq_duvessa,
          uniq_sigmund, uniq_blork_the_orc

Skill      XL: |  1  2  3  4  5 |
---------------+----------------+-----
Axes           | 3 4 |  4.2
Shields        | 4 |  4.3
Fighting       | 4 |  4.2
Polearms       | 1 |  1.5
Armour         | 4 |  4.1
Dodging        | |  0.6
Stealth        | |  0.9
Evocations     | |  0.1

Action                     |  1- 3 |  4- 6 || total
---------------------------+-------+-------++-------
  Melee: War axe           |    66 |    57 ||   123
         Spear             |       |   100 ||   100
  Evoke: Wand              |       |     1 ||     1
    Use: Potion            |     4 |     3 ||     7
         Scroll            |       |     2 ||     2
   Stab: Paralysed         |       |     1 ||     1
 Armour: Scale mail        |    25 |       ||    25
         Chain mail        |       |    87 ||    87
  Dodge: Dodged            |    39 |    57 ||    96
  Block: Buckler           |    12 |    38 ||    50

Table legend: (Time is in decaauts)
 A = Elapsed time spent in this place.
 B = Non-inter-level travel time spent in this place.
 C = Inter-level travel time spent in this place.
 D = Time resting spent in this place.
 E = Time spent auto-exploring this place.
 F = Levels seen in this place.
 G = Mean time per level.
                   A        B        C        D        E       F      G
               +--------+--------+--------+--------+--------+-----+--------+
         Total |   2969 |    712 |   2257 |      0 |      0 |   4 |  742.2 |
       Dungeon |   2969 |    712 |   2257 |      0 |      0 |   4 |  742.2 |
               +--------+--------+--------+--------+--------+-----+--------+

Top non-repeatable levels by time:
     D:2: 1116 daAuts
     D:3: 898 daAuts
     D:1: 823 daAuts
     D:4: 130 daAuts
